 Dungeon Crawl Stone Soup version 0.25.0-26-g0c896c7088 (webtiles) character file.

Game seed: 5477130433934737786

23 MisterFreud the Digger (level 3, -6/26 HPs)
             Began as a Ghoul Earth Elementalist on July 2, 2020.
             Killed from afar by Sigmund (8 damage)
             ... with a puff of flame
             ... on level 2 of the Dungeon.
             The game lasted 00:01:32 (1287 turns).

MisterFreud the Digger (Ghoul Earth Elementalist)   Turns: 1287, Time: 00:01:32

Health: -6/26      AC:  9    Str: 11    XL:     3   Next: 0%
Magic:  3/4        EV:  5    Int: 11    God:
Gold:   137        SH:  0    Dex:  9    Spells: 4/5 levels left

rFire    . . .     SeeInvis .     - Unarmed
rCold    + . .     Gourm    .   (no shield)
rNeg     + + +     Faith    .   f - +0 chain mail
rPois    ∞         Spirit   .   k - +0 helmet
rElec    .         Reflect  .   (no cloak)
rCorr    .         Harm     .   (no gloves)
MR       .....                  (no boots)
Stlth    ..........             (no amulet)
HPRegen  0.00/turn              (no ring)
MPRegen  0.09/turn              (no ring)

@: very slightly contaminated, rotting
A: rotting body, claws 1, carnivore, cold resistance 1, negative energy
resistance 3, inhibited regeneration, torment resistance, unbreathing
a: no special abilities


You were on level 2 of the Dungeon.
You were not hungry.

You visited 1 branch of the dungeon, and saw 2 of its levels.

You collected 137 gold pieces.

Inventory:

Missiles
 b - 56 stones (quivered)
Armour
 f - a +0 chain mail (worn)
 k - a +0 helmet (worn)
Scrolls
 a - 3 scrolls of fog {unknown}
 e - a scroll of immolation {unknown}
 h - a scroll of remove curse {unknown}
 j - a scroll of enchant weapon {unknown}
Potions
 c - 2 potions of curing {unknown}
 i - 2 potions of lignification {unknown}
Comestibles
 d - 3 rations


   Skills:
 - Level 1.7 Dodging
 - Level 2.1 Stealth
 + Level 2.8 Unarmed Combat
 - Level 1.7 Spellcasting
   Level 0.8 Transmutations
 - Level 3.2 Earth Magic


You had 4 spell levels left.
You knew the following spells:

 Your Spells              Type           Power        Failure   Level  Hunger
a - Sandblast             Erth           #.....       99%         1    ##.....

Your spell library contained the following spells:

 Spells                   Type           Power        Failure   Level  Hunger
 Passwall                 Tmut/Erth      #.......     100%        2    ###....
 Stone Arrow              Conj/Erth      #.....       100%        3    ####...
 Petrify                  Tmut/Erth      #.......     100%        4    #####..
 Lee's Rapid Deconstruct  Erth           #.........   100%        5    ######.


Dungeon Overview and Level Annotations

Branches:
Dungeon (2/15)

Altars:

Annotations:
D:2 Sigmund


Innate Abilities, Weirdness & Mutations

Your body is rotting away.
You thrive on raw meat.
You are immune to poison.
You have sharp fingernails.
You are carnivorous and can eat meat at any time.
Your flesh is cold resistant. (rC+)
You are immune to negative energy. (rN+++)
You do not regenerate when monsters are visible.
You are immune to unholy pain and torment.
You can survive without breathing.


Message History

Sigmund is severely wounded.
Sigmund hits you with a +0 scythe.
* * * LOW HITPOINT WARNING * * *
The hobgoblin hits you but does no damage.
You scratch Sigmund.
Sigmund is severely wounded.
The hobgoblin hits you but does no damage.
Sigmund casts a spell at you.
The puff of flame hits you but does no damage.
Casting: Sandblast (safe; 99% risk of failure)
Confirm with . or Enter, or press ? or * to list all spells.
Aiming: Sandblast (safe; 99% risk of failure)
Press: ? - help, Shift-Dir - straight line, f - Sigmund
Aim: Sigmund, wielding a +0 scythe and wearing a +0 robe (severely wounded)
You miscast Sandblast.
You are very lightly contaminated with residual magic.
Nothing appears to happen.
Sigmund gestures at you while chanting. The puff of flame hits you!
You die...

### #.#### ..#
#.# # #.#
#####.## # ##.#
#......# #
####..###.###..#
# #.........#
#..###
#......####
#.....
###.###.#...##
##>..##
......@@g...#
#..#.#
...#.#####.##
#....# #.#
#.#### #+# #)#
#[# #.# # #.#.##
#<...# +....>..#


You could see Sigmund and a hobgoblin.

Vanquished Creatures
  A dart slug (D:1)
  2 ball pythons (D:1)
  5 giant cockroaches
  3 goblins (D:1)
  2 hobgoblins
  2 bats
  A frilled lizard (D:1)
  3 rats (D:1)
19 creatures vanquished.

Notes
Turn   | Place    | Note
-------+----------+-------------------------------------------
     0 | D:1      | MisterFreud the Ghoul Earth Elementalist began the quest
                  | for the Orb.
     0 | D:1      | Reached XP level 1. HP: 14/14 MP: 2/2
   380 | D:1      | Reached skill level 1 in Unarmed Combat
   531 | D:1      | Reached XP level 2. HP: 10/20 MP: 3/3
  1204 | D:2      | Reached XP level 3. HP: 23/26 MP: 4/4
  1258 | D:2      | Noticed Sigmund
  1287 | D:2      | Killed from afar by Sigmund

Illustrated notes

Levels and vault maps discovered:
D:1:      dpeg_arrival_castle, layout_basic
D:2:      layout_loops_corners, grunt_temple_overflow_open,
          kennysheep_generic_room_6, uniq_sigmund, uniq_natasha

Skill      XL: |  1  2 |
---------------+-------+-----
Unarmed Combat | 1 2 |  2.8
Dodging        | |  1.7
Stealth        | |  2.1
Spellcasting   | |  1.7
Transmutations | |  0.8
Earth Magic    | |  3.2

Action                   || total
-------------------------++-------
Melee: Unarmed           ||   115
 Stab: Sleeping          ||     1
  Eat: Chunk             ||    10
Armor: Chain mail        ||    88
Dodge: Dodged            ||    36
